 Dungeon Crawl Stone Soup version 0.30-a0-25-gacc37e2db0 (webtiles) character file.

Game seed: 5676367834610276052

4 Plasmagod the Trooper (level 1, -1/14 HPs)
             Began as a Gargoyle Fighter on Aug 25, 2022.
             Slain by a goblin
             ... wielding a +0 dagger
              (2 damage)
             ... on level 1 of the Dungeon.
             The game lasted 00:00:09 (41 turns).

Plasmagod the Trooper (Gargoyle Fighter)              Turns: 41, Time: 00:00:09

Health: -1/14      AC:  9    Str: 19    XL:     1   Next: 60%
Magic:  1/1        EV:  9    Int:  8    God:
Gold:   0          SH:  4    Dex:  9    Spells: 0/0 levels left

rFire   . . .      SeeInvis .    a - +0 flail
rCold   . . .      Faith    .    c - +0 buckler
rNeg    + . .      Spirit   .    b - +0 scale mail
rPois   ∞          Reflect  .    (no helmet)
rElec   +          Harm     .    (no cloak)
rCorr   .          Rampage  .    (no gloves)
Will    .....                    (no boots)
Stlth   ..........               (no amulet)
HPRegen 0.04/turn                (no ring)
MPRegen 0.07/turn                (no ring)

@: no status effects
A: sickness immunity, AC +2, negative energy resistance 1, electricity
resistance, torment resistance 1, petrification resistance
a: no special abilities


You were on level 1 of the Dungeon.
You visited 1 branch of the dungeon, and saw 1 of its levels.

Inventory:

Hand Weapons
 a - a +0 flail (weapon)
Armour
 b - a +0 scale mail (worn)
 c - a +0 buckler (worn)
Scrolls
 e - a scroll of vulnerability {unknown}
Potions
 d - a potion of might


   Skills:
 + Level 3.4 Fighting
 + Level 2.0 Maces & Flails
 + Level 3.4 Armour
 + Level 3.3 Shields


You couldn't memorise any spells.
You didn't know any spells.
Your spell library was empty.

Dungeon Overview and Level Annotations

Branches:
Dungeon (1/15)

Altars:


Innate Abilities, Weirdness & Mutations

You are immune to sickness and miasma.
Your stone body is resilient. (AC +2)
You are immune to poison.
You resist negative energy. (rN+)
You are resistant to electric shocks. (rElec)
You are resistant to unholy torment.
You are immune to petrification.


Message History

The kobold misses you.
The kobold hits you but does no damage. x2
The goblin hits you but does no damage. The kobold completely misses you.
You closely miss the kobold. The goblin hits you with a +0 dagger.
The kobold hits you but does no damage. x2
You completely miss the kobold. The goblin hits you but does no damage.
The kobold hits you but does no damage.
The kobold hits you with a +0 short sword.
You are too injured to fight recklessly!
You are too injured to fight recklessly!
You are too injured to fight recklessly!
You are too injured to fight recklessly!
You are too injured to fight recklessly!
You are too injured to fight recklessly!
You are too injured to fight recklessly!
You are too injured to fight recklessly!
You are too injured to fight recklessly!
You are too injured to fight recklessly!
You completely miss the kobold. The kobold barely misses you.
The goblin hits you but does no damage.
The kobold hits you but does no damage. x2
The goblin hits you but does no damage. The kobold closely misses you.
You closely miss the kobold. The goblin hits you with a +0 dagger.
The kobold hits you with a +0 whip.
* * * LOW HITPOINT WARNING * * *
The kobold hits you with a +0 short sword.
* * * LOW HITPOINT WARNING * * *
You sock the kobold!
You kill the kobold!
The goblin hits you but does no damage. The kobold closely misses you.
You barely miss the kobold. You block the goblin's attack.
The kobold hits you but does no damage. The goblin hits you with a +0 dagger.
* * * LOW HITPOINT WARNING * * *
The kobold barely misses you.
You hit the kobold.
The kobold is moderately wounded.
You block the goblin's attack. The kobold hits you but does no damage.
You thump the kobold!
You kill the kobold!
The goblin hits you but does no damage.
You hit the goblin but do no damage. The goblin hits you with a +0 dagger.
You die...

..## ####
#######..# ......
.........# ......
.........##......
.........+.......
.........#.......
.................
#...))@g.......
#######).......
#........
######........
#.............
###.##########..
#.....# . ##...##
####..#..####


You could see a goblin.

Vanquished Creatures
  A goblin (D:1)
  3 kobolds (D:1)
4 creatures vanquished.

Notes
Turn   | Place    | Note
-------+----------+-------------------------------------------
     0 | D:1      | Plasmagod the Gargoyle Fighter began the quest for the Orb.
     0 | D:1      | Reached XP level 1. HP: 14/14 MP: 1/1
    41 | D:1      | Slain by a goblin

Illustrated notes

Levels and vault maps discovered:
D:1:      dpeg_arrival_arbitrary_c, layout_basic

Action                   || total
-------------------------++-------
Melee: Flail             ||    18
Armor: Scale mail        ||    26
Dodge: Dodged            ||     9
Block: Buckler           ||     5

Table legend: (Time is in decaauts)
 A = Elapsed time spent in this place.
 B = Non-inter-level travel time spent in this place.
 C = Inter-level travel time spent in this place.
 D = Time resting spent in this place.
 E = Time spent auto-exploring this place.
 F = Levels seen in this place.
 G = Mean time per level.
                   A        B        C        D        E       F      G
               +--------+--------+--------+--------+--------+-----+--------+
         Total |     46 |     46 |      0 |      0 |     16 |   1 |   46.0 |
       Dungeon |     46 |     46 |      0 |      0 |     16 |   1 |   46.0 |
               +--------+--------+--------+--------+--------+-----+--------+

Top non-repeatable levels by time:
     D:1: 46 daAuts
